 Dungeon Crawl Stone Soup version 0.28-a0-1429-gf3d713df7a (webtiles) character file.

Game seed: 12019007250220767466

3698 HallandMoats the Fighter (level 10, -6/83 HPs)
             Began as a Ghoul Fighter on Jan 8, 2022.
             Was an Elder of Hepliaklqana.
             Mangled by a warg (12 damage)
             ... on level 8 of the Dungeon.
             The game lasted 00:16:34 (9360 turns).

HallandMoats the Fighter (Ghoul Fighter)            Turns: 9360, Time: 00:16:35

Health: -6/83      AC: 11    Str: 26 (27) XL:     10   Next: 13%
Magic:  10/10      EV: 12    Int:  5      God:    Hepliaklqana [****..]
Gold:   455        SH:  4    Dex: 10      Spells: 9/9 levels left

rFire   + . .      SeeInvis .   u - +1 short sword (venom)
rCold   + . .      Faith    .   c - +0 buckler
rNeg    + + +      Spirit   .   G - +1 ring mail {rF+}
rPois   ∞          Reflect  .   C - +2 hat
rElec   .          Harm     .   j - +0 cloak
rCorr   +          Rampage  .   o - +0 pair of gloves
Will    .....                   (no boots)
Stlth   ..........              (no amulet)
HPRegen 0.00/turn               v - +6 ring of strength
MPRegen 0.12/turn               D - ring of resist corrosion

@: inhibited regen
A: reduced essence, claws 1, cold resistance 1, negative energy resistance 3,
inhibited regeneration, torment resistance 2
a: Renounce Religion, Recall Ancestor, Ancestor Identity, Transference, Idealise


You were on level 8 of the Dungeon.
You worshipped Hepliaklqana.
Hepliaklqana was greatly pleased with you.
You visited 1 branch of the dungeon, and saw 9 of its levels.

You collected 455 gold pieces.

Inventory:

Hand Weapons
 a - a +0 flail
 u - a +1 short sword of venom (weapon)
 y - a +2 vampiric rapier
Missiles
 x - 2 throwing nets (quivered)
Armour
 c - a +0 buckler (worn)
 j - a +0 cloak (worn)
 o - a +0 pair of gloves (worn)
 C - a +2 hat (worn)
 G - a +1 ring mail of fire resistance (worn)
Jewellery
 v - a +6 ring of strength (left hand)
 D - a ring of resist corrosion (right hand)
 J - a +4 ring of protection
Wands
 b - a wand of acid (11)
 H - a wand of polymorph (12)
 I - a wand of flame (24)
 L - a wand of paralysis (13)
Scrolls
 e - 9 scrolls of identify {unknown}
 f - a scroll of blinking {unknown}
 l - a scroll of teleportation
 p - a scroll of fear {unknown}
 s - a scroll of magic mapping {unknown}
 t - a scroll of noise {unknown}
 w - a scroll of summoning {unknown}
 A - a scroll of amnesia {unknown}
 B - 4 scrolls of enchant weapon {unknown}
 F - a scroll of immolation {unknown}
Potions
 d - a potion of mutation
 g - a potion of attraction {unknown}
 h - a potion of curing
 i - a potion of ambrosia {unknown}
 k - a potion of might
 m - a potion of flight {unknown}
 n - 4 potions of heal wounds {unknown}
 q - 2 potions of invisibility {unknown}
 r - a potion of degeneration {unknown}
 z - a potion of magic {unknown}
 E - 2 potions of berserk rage {unknown}
 K - 2 potions of cancellation {unknown}


   Skills:
 * Level 9.9 Fighting
 + Level 5.9 Maces & Flails
 + Level 6.3 Armour
 + Level 5.5 Dodging
 - Level 4.0 Shields
 + Level 1.5 Invocations


You had 9 spell levels left.
You didn't know any spells.
Your spell library contained the following spells:

 Spells                   Type           Power      Damage    Failure   Level
 Portal Projectile        Hex/Tloc       0%         N/A       97%         3
 Excruciating Wounds      Necr           0%         N/A       100%        5
 Blade Hands              Tmut           Unusable   N/A       N/A         5

Dungeon Overview and Level Annotations

Branches:
Dungeon (9/15)             Temple (0/1) D:7            Lair (0/6) D:8
    Orc: D:9-12

Altars:
Hepliaklqana
The Shining One


Innate Abilities, Weirdness & Mutations

Your life essence is reduced to manifest your ancestor. (-10% HP)
You thrive by killing the living.
You are immune to poison.
You have sharp fingernails.
Your flesh is cold resistant. (rC+)
You are immune to negative energy. (rN+++)
You do not regenerate when monsters are visible.
You are immune to unholy pain and torment.


Message History

As you read the scroll of teleportation, it crumbles to dust.
You feel strangely unstable.
The electric eel shoots out a bolt of lightning at you!
The bolt of electricity hits the plant!
The plant begins to die.
The bolt of electricity misses you.
A hornet comes into view.
The gnoll hits you but does no damage.
You see here a throwing net.
x - 2 throwing nets (gained 1)
You block the gnoll's attack.
Your surroundings suddenly seem different.
Splash!
You fall into the shallow water.
Moving in this stuff is going to be slow.
A nearby plant withers and dies.
The warg completely misses you. The warg bites you but does no damage.
You block the warg's attack. x2
The warg closely misses you. The warg misses you.
The warg pauses to sniff the water.
The orc wizard shouts!
You hear a shout!
The orc wizard misses you.
The orc shouts!
You block the warg's attack.
The orc priest shouts!
The orc priest curses loudly, as Orcs often do.
The orc wizard mumbles some strange words.
The orc wizard flickers and vanishes!
The warg bites you but does no damage. The warg bites you.
* * * LOW HITPOINT WARNING * * *
The orc priest invokes the aid of Beogh against you.
Beogh smites you!
* * * LOW HITPOINT WARNING * * *
The orc priest looks encouraged for a moment.
The orc wizard casts a spell.
The orc wizard flickers and vanishes!
The orc priest begins to cast a cantrip, but forgets the words!
The warg bites you!
* * * LOW HITPOINT WARNING * * *
You feel better. The warg bites you!
You die...

≈≈P≈≈♣≈♣♣♣♣≈♣.###..#####.#≈≈.≈♣≈≈
≈P♣ ♣≈≈≈P♣##.###.o....≈≈≈≈≈≈♣≈≈.
♣♣♣♣♣♣♣......)>.)....#.≈≈≈≈≈♣PPPP
..##.#.###########o.##.≈≈≈≈≈♣PP##
.......# #{...≈≈≈≈♣♣PPP≈#
#.##.### #{##.≈≈≈≈≈≈♣PP.#
#.##.######## #.##.≈PP≈♣≈≈≈P..
#.##........######.####≈.PP≈♣♣♣≈.
.........##>....@h.# ##P≈.P≈♣♣♣♣
...#####.#################.P≈≈PP≈
#...# #.# ##...##....≈≈. .#..#
#.# ##.###.#.#...## #.#.# #.#
##.## ##..##### ###<# #.# #.##
##.# # #.####.# #.# #.# #
#......#########.## ##.# #
######............## ##.##


You could see a warg.

Vanquished Creatures
  A hornet (D:7)
  A steam dragon (D:7)
  Edmund (D:6)
  A warg (D:8)
  A water moccasin (D:7)
  Duvessa (D:5)
  An orc warrior (D:8)
  A sky beast (D:6)
  A black bear (D:5)
  2 necrophages
  A phantom (D:6)
  A kobold brigand (D:6)
  3 bullfrogs
  A wyvern zombie (D:6)
  A scorpion (D:6)
  3 electric eels (D:8)
  A howler monkey (D:5)
  2 centaur zombies
  2 jellies
  Crazy Yiuf (D:2)
  A bullfrog skeleton (D:5)
  A gnoll shaman (D:3)
  An iguana (D:6)
  Natasha (thrice) (D:2)
  An orc wizard (D:3)
  7 gnolls
  6 adders
  An ufetubus (D:6)
  2 dart slugs
  15 orcs
  6 ball pythons
  An endoplasm (D:1)
  4 giant cockroaches
  5 hobgoblins
  9 jackals
  A quokka (D:3)
  6 bats
  3 frilled lizards
  5 goblins
  16 kobolds
  3 rats
124 creatures vanquished.

Vanquished Creatures (collateral kills)
  2 sky beasts
  3 black bears
  A necrophage (D:7)
  2 centaurs
  2 bullfrogs
  A scorpion (D:7)
  Dowan (D:5)
  4 electric eels (D:8)
  A bullfrog zombie (D:6)
  2 centaur skeletons
  An orc priest (D:8)
  An iguana (D:5)
  An orc wizard (D:5)
  A killer bee zombie (D:6)
  A hound skeleton (D:4)
  A gnoll (D:4)
  A white imp (D:5)
  An ufetubus (D:4)
  A dart slug (D:4)
  5 orcs
  A quokka (D:5)
34 creatures vanquished.

Vanquished Creatures (others)
  4 hexers (D:8)
  A fungus (D:2)
  44 plants (D:8)
49 creatures vanquished.

Grand Total: 207 creatures vanquished

Notes
Turn   | Place    | Note
-------+----------+-------------------------------------------
     0 | D:1      | HallandMoats the Ghoul Fighter began the quest for the Orb.
     0 | D:1      | Reached XP level 1. HP: 19/19 MP: 0/0
   183 | D:1      | Reached XP level 2. HP: 25/26 MP: 1/1
   819 | D:2      | Reached XP level 3. HP: 31/31 MP: 2/2
   864 | D:2      | Noticed Natasha
   871 | D:2      | Killed Natasha
  1029 | D:2      | Reached skill level 1 in Dodging
  1029 | D:2      | Reached XP level 4. HP: 40/40 MP: 3/3
  1051 | D:2      | Noticed Natasha
  1067 | D:2      | Killed Natasha
  1422 | D:2      | Noticed Natasha
  1443 | D:2      | Killed Natasha
  1957 | D:2      | Found a runed translucent door.
  1958 | D:2      | Noticed Crazy Yiuf
  1967 | D:2      | Killed Crazy Yiuf
  1968 | D:2      | Reached skill level 4 in Fighting
  1968 | D:2      | Reached XP level 5. HP: 23/46 MP: 4/4
  2852 | D:3      | Reached XP level 6. HP: 44/52 MP: 5/5
  3516 | D:3      | Found a faded altar of an unknown god.
  3586 | D:3      | Prayed at the altar of an unknown god.
  3586 | D:3      | Became a worshipper of Hepliaklqana the Forgotten
  3586 | D:3      | Reached * piety under Hepliaklqana
  4425 | D:4      | Noticed a black bear
  4435 | D:4      | Killed a black bear
  4436 | D:4      | Reached skill level 5 in Fighting
  4436 | D:4      | Reached XP level 7. HP: 39/54 MP: 6/6
  5009 | D:5      | Entered Level 5 of the Dungeon
  5086 | D:5      | Reached ** piety under Hepliaklqana
  5087 | D:5      | Remembered your ancestor Sir Rick Astley as a hexer
  5099 | D:5      | Noticed Duvessa
  5102 | D:5      | Noticed Dowan
  5117 | D:5      | Killed Duvessa
  5118 | D:5      | Reached skill level 6 in Fighting
  5118 | D:5      | Reached XP level 8. HP: 40/63 MP: 7/7
  5118 | D:5      | Killed Dowan
  5685 | D:5      | Reached skill level 7 in Fighting
  5851 | D:6      | Reached skill level 5 in Armour
  6255 | D:6      | Reached XP level 9. HP: 63/72 MP: 8/8
  6462 | D:6      | Noticed Edmund
  6472 | D:6      | Reached skill level 8 in Fighting
  6481 | D:6      | Killed Edmund
  6609 | D:6      | Reached skill level 5 in Maces & Flails
  6955 | D:7      | Reached *** piety under Hepliaklqana
  7056 | D:7      | Found a staircase to the Ecumenical Temple.
  7168 | D:7      | Reached skill level 9 in Fighting
  7172 | D:7      | Reached skill level 5 in Dodging
  7504 | D:7      | Noticed a hornet
  7511 | D:7      | Killed a hornet
  7538 | D:7      | Found a hazy altar of Hepliaklqana.
  8360 | D:8      | Reached XP level 10. HP: 16/81 MP: 9/9
  8739 | D:8      | Reached skill level 1 in Invocations
  9184 | D:8      | Found a staircase to the Lair.
  9240 | D:9      | Reached **** piety under Hepliaklqana
  9357 | D:8      | HP: 1/83 [warg (13)]
  9360 | D:8      | Mangled by a warg

Illustrated notes

Levels and vault maps discovered:
D:1:      grunt_arrival_crossed_arrows, layout_loops_cross, minmay_pentomino_s2
D:2:      layout_basic, basic_altar, uniq_crazy_yiuf_cottage, uniq_natasha
D:3:      layout_rooms, dreamdust_ecumenical_altar_grove
D:4:      layout_cave_pods
D:5:      layout_cave_pools, due_unseen_surprise, uniq_duvessa
D:6:      layout_loops_ring, minmay_fractal_squares_5, uniq_edmund
D:7:      layout_basic, mainiacjoe_overflow_small_starburst,
          minmay_temple_entry_glass
D:8:      layout_loops_ring, erik_lair_orcish_takeover, serial_bayou,
          serial_bayou_lagoon_a, serial_bayou_pond_c, serial_bayou_lake_a,
          serial_bayou_pond_a
D:9:      layout_rooms, serial_shops, nicolae_stop_n_shop_1, shop_statue

Skill      XL: |  1  2  3  4  5  6  7  8  9 10 |
---------------+-------------------------------+-----
Maces & Flails | 2 3 4 5 |  5.9
Shields        | 3 4 |  4.0
Armour         | 3 4 5 6 |  6.3
Dodging        | 1 2 3 4 5 |  5.5
Fighting       | 4 5 6 7 9 |  9.9
Invocations    | 1 |  1.5

Action                   |  1- 3 |  4- 6 |  7- 9 | 10-12 || total
-------------------------+-------+-------+-------+-------++-------
Melee: Flail             |   100 |   229 |    15 |       ||   344
       Short sword       |       |       |   246 |    34 ||   280
Invok: Ancestor Identity |       |     2 |       |       ||     2
       Ancestor Life: He |       |       |     1 |       ||     1
  Use: Potion            |       |     1 |       |     3 ||     4
       Scroll            |       |       |       |     2 ||     2
 Stab: Confused          |       |       |     4 |     1 ||     5
       Distracted        |       |       |     2 |       ||     2
Armor: Scale mail        |    54 |   173 |    69 |       ||   296
       Ring mail         |       |       |    56 |    21 ||    77
Dodge: Dodged            |    62 |   176 |   157 |    30 ||   425
Block: Buckler           |    21 |    61 |    67 |    13 ||   162

Table legend: (Time is in decaauts)
 A = Elapsed time spent in this place.
 B = Non-inter-level travel time spent in this place.
 C = Inter-level travel time spent in this place.
 D = Time resting spent in this place.
 E = Time spent auto-exploring this place.
 F = Levels seen in this place.
 G = Mean time per level.
                   A        B        C        D        E       F      G
               +--------+--------+--------+--------+--------+-----+--------+
         Total |   9537 |   9247 |    290 |   1132 |   6487 |   9 | 1059.7 |
       Dungeon |   9537 |   9247 |    290 |   1132 |   6487 |   9 | 1059.7 |
               +--------+--------+--------+--------+--------+-----+--------+

Top non-repeatable levels by time:
     D:2: 1681 daAuts
     D:3: 1271 daAuts
     D:6: 1267 daAuts
     D:8: 1251 daAuts
     D:4: 1155 daAuts
     D:7: 1132 daAuts
     D:1: 1013 daAuts
     D:5: 690 daAuts
     D:9: 74 daAuts
